 Dungeon Crawl Stone Soup version 0.21.1-1-g345015f (webtiles) character file.

184 Mirai the Magician (level 5, -2/28 HPs)
             Began as a Deep Elf Conjurer on Mar 27, 2018.
             Killed from afar by an orc wizard (9 damage)
             ... with a magic dart
             ... on level 4 of the Dungeon.
             The game lasted 00:06:32 (2979 turns).

Mirai the Magician (Deep Elf Conjurer)              Turns: 2979, Time: 00:06:33

Health: -2/28      AC:  2    Str:  5    XL:     5   Next: 36%
Magic:  8/16       EV: 13    Int: 21    God:
Gold:   149        SH:  0    Dex: 15    Spells: 7/18 levels left

rFire    + . .     SeeInvis .   q - +2 mace (drain)
rCold    . . .     Gourm    .   (no shield)
rNeg     . . .     Faith    .   a - +0 robe
rPois    .         Spirit   .   (no helmet)
rElec    .         Reflect  .   (no cloak)
rCorr    .         Harm     .   (no gloves)
MR       .....                  (no boots)
Stlth    ++........             (no amulet)
HPRegen  0.09/turn              p - ring of protection from fire
MPRegen  0.15/turn              (no ring)

@: no status effects
A: no striking features
a: no special abilities


You were on level 4 of the Dungeon.
You were not hungry.

You visited 1 branch of the dungeon, and saw 4 of its levels.

You collected 149 gold pieces.

Inventory:

Hand Weapons
 q - a +2 mace of draining (weapon)
Armour
 a - a +0 robe (worn)
Jewellery
 p - a ring of protection from fire (left hand)
Scrolls
 g - 4 scrolls of identify
 l - a scroll of remove curse
 m - a scroll of magic mapping
Potions
 d - 3 potions of curing {unknown}
 e - a potion of resistance {unknown}
 f - a potion of cancellation
 h - 2 potions of haste {unknown}
 o - a potion of degeneration {unknown}
Books
 b - a book of Conjurations

   Spells                             Type                      Level
   a - Magic Dart                     Conjuration                  1
   b - Searing Ray                    Conjuration                  2
   c - Dazzling Spray                 Conjuration/Hexes            3
   d - Fulminant Prism                Conjuration/Hexes            4
   e - Force Lance                    Conjuration/Translocation    4
   f - Iskenderun's Mystic Blast      Conjuration                  4
Comestibles
 c - 7 rations


   Skills:
 - Level 2.4 Dodging
 - Level 2.4 Stealth
 + Level 7.0 Spellcasting
 + Level 5.0 Conjurations


You had 7 spell levels left.
You knew the following spells:

 Your Spells              Type           Power        Failure   Level  Hunger
a - Magic Dart            Conj           ####         1%          1    None
b - Searing Ray           Conj           ####..       1%          2    None
c - Iskenderun's Mystic   Conj           ####....     11%         4    ###....
d - Fulminant Prism       Conj/Hex       ###.......   30%         4    ###....


Dungeon Overview and Level Annotations

Branches:
Dungeon (4/15)
 Temple: D:4-7

Altars:
Cheibriados
Makhleb
Yredelemnul


Message History

The orc wizard gestures at you while chanting.
The magic dart hits you!
The orc wizard gestures wildly while chanting.
The orc wizard blinks!
The adder misses you.
An orc wizard comes into view. It is wielding a dagger.
The orc wizard moves out of view.
Found an escape hatch in the floor.
A giant cockroach comes into view.
The adder barely misses you. The adder bites you but does no damage.
The orc wizard gestures at you while chanting.
The magic dart hits you!
* * * LOW HITPOINT WARNING * * *
Unknown command.
The orc wizard mumbles some strange words.
The orc wizard seems to speed up.
The adder misses you. The orc wizard casts a spell at you.
The magic dart hits you!
You die...

#. #... .## #s.#
..# #..# #####.#
#..# ......# #..#
#.<# #..######
#..## #...o...#
#...###...###S#
#.#..#.....##@#
#.#..oo.o...>..#
#.#..#.....####.#
#.#..##.......
...
#.#..###.#####
##. #..oo# ### .#
##...# # #..[#
#...#


You could see an orc wizard, an adder and an orc.

Vanquished Creatures
  An orc wizard (D:3)
  3 adders
  4 gnolls (D:3)
  An ooze (D:1)
  2 worms
  A leopard gecko (D:3)
  13 orcs
  6 giant cockroaches
  5 goblins
  5 hobgoblins
  7 jackals (D:2)
  A quokka (D:3)
  5 bats
  5 kobolds
  5 rats
64 creatures vanquished.

Notes
Turn   | Place    | Note
-------+----------+-------------------------------------------
     0 | D:1      | Mirai the Deep Elf Conjurer began the quest for the Orb.
     0 | D:1      | Reached XP level 1. HP: 10/10 MP: 6/6
   158 | D:1      | You fall through a shaft!
   238 | D:1      | Reached skill level 4 in Spellcasting
   238 | D:1      | Reached XP level 2. HP: 3/15 MP: 5/9
   486 | D:1      | Learned a level 2 spell: Searing Ray
   757 | D:2      | Reached skill level 5 in Spellcasting
   757 | D:2      | Reached XP level 3. HP: 14/19 MP: 0/11
  1459 | D:2      | Found a snail-covered altar of Cheibriados.
  1459 | D:2      | Found a burning altar of Makhleb.
  1460 | D:2      | Found a basalt altar of Yredelemnul.
  1750 | D:3      | Reached skill level 6 in Spellcasting
  1750 | D:3      | Reached XP level 4. HP: 21/24 MP: 9/14
  1943 | D:3      | Learned a level 4 spell: Iskenderun's Mystic Blast
  1948 | D:3      | Learned a level 4 spell: Fulminant Prism
  2440 | D:3      | Reached XP level 5. HP: 22/28 MP: 6/16
  2770 | D:3      | Reached skill level 5 in Conjurations
  2953 | D:4      | Reached skill level 7 in Spellcasting
  2979 | D:4      | Killed from afar by an orc wizard

Skill      XL: |  1  2  3  4  5 |
---------------+----------------+-----
Spellcasting   | 4 5 6 7 |  7.0
Conjurations   | 5 |  5.0
Dodging        | |  2.4
Stealth        | |  2.4

Action                   |  1- 3 |  4- 6 || total
-------------------------+-------+-------++-------
Melee: Hand axe          |     9 |       ||     9
       Dagger            |       |     3 ||     3
 Cast: Magic Dart        |    57 |    24 ||    81
       Searing Ray       |     7 |    14 ||    21
  Use: Scroll            |       |     6 ||     6
  Eat: Chunk             |     2 |     4 ||     6
Armor: Robe              |     7 |     6 ||    13
Dodge: Dodged            |    25 |    27 ||    52
